 Dungeon Crawl Stone Soup version 0.23.2-1-ga50397a (webtiles) character file.

Game seed: 17024258816278514128

72296 teukkam the Sharpshooter (level 15, -2/112 HPs)
             Began as a Minotaur Fighter on Apr 16, 2019.
             Was the Champion of Zin.
             Succumbed to a nagaraja's bolt of poison
             ... on level 4 of the Snake Pit on Apr 17, 2019.
             The game lasted 01:54:35 (27906 turns).

teukkam the Sharpshooter (Minotaur Fighter)        Turns: 27906, Time: 01:54:36

Health: -2/112     AC: 24    Str: 31    XL:     15   Next: 0%
Magic:  19/19      EV:  8    Int: 17    God:    Zin [******]
Gold:   551        SH: 11    Dex: 13    Spells: 14/14 levels left

rFire    + . .     SeeInvis .   b - +1 hand crossbow "Comol" {venom, *Corrode Int+4 Dex+3}
rCold    + . .     Gourm    .   P - +0 shield of Plasticity {Str+4}
rNeg     + + .     Faith    .   q - +8 orange crystal plate armour {Archmagi, Int+3 Clar}
rPois    +         Spirit   .   L - -2 hat of the Alchemist {rElec rPois rF+ rC+ rN+ MR+ rMut rCorr}
rElec    +         Reflect  .   t - +0 cloak of Pleasant Breezes {rElec rN+ Int+5}
rCorr    +         Harm     .   (no gloves)
rMut     +         Clarity  +   (no boots)
MR       ++...                  (no amulet)
Stlth    ..........             o - +5 ring of evasion
HPRegen  0.28/turn              x - ring of poison resistance
MPRegen  0.16/turn

@: lethally poisoned (-2 -> -34), about to teleport
A: retaliatory headbutt, horns 2
a: Recite, Vitalisation, Imprison, Sanctuary, Donate Gold, Renounce Religion


You were on level 4 of the Snake Pit.
You worshipped Zin.
Zin was exalted by your worship.
You were not hungry.

You visited 4 branches of the dungeon, and saw 21 of its levels.
You also visited: Ice Cave.

You collected 1394 gold pieces.
You spent 704 gold pieces at shops.
You donated 139 gold pieces to Zin.

Inventory:

Hand Weapons
 a - the +0 hand axe of Eternal Night {chop, MR+++ Dex+4}
   (You found it on level 3 of the Snake Pit)

   It inflicts extra damage upon your enemies.
   It affects your dexterity (+4).
   It affects your resistance to hostile enchantments.
 b - the +1 hand crossbow "Comol" (weapon) {venom, *Corrode Int+4 Dex+3}
   (You found it on level 4 of the Dungeon)

   It poisons the ammo it fires.
   It affects your intelligence (+4).
   It affects your dexterity (+3).
   It may corrode you when you take damage.
 c - a +0 morningstar of crushing
 k - a +2 flail of venom
 s - a +3 quarterstaff of chaos
 v - a +2 dagger of flaming
 B - a +5 whip of freezing
 I - a +0 shortbow of flaming
 T - a +1 war axe of flaming
 U - a +4 halberd of venom
 W - a +1 rapier of electrocution
Missiles
 g - 3 tomahawks of returning
 j - 62 bolts (quivered)
 w - 7 tomahawks
 D - 23 javelins
 N - 7 tomahawks of dispersal
 S - 53 arrows
Armour
 q - the +8 orange crystal plate armour (worn) {Archmagi, Int+3 Clar}
   (You found it on level 6 of the Dungeon)

   It affects your intelligence (+3).
   It protects you against confusion.
 t - the +0 cloak of Pleasant Breezes (worn) {rElec rN+ Int+5}
   (You found it on level 6 of the Dungeon)

   It affects your intelligence (+5).
   It insulates you from electricity.
   It protects you from negative energy.
 A - the cursed +0 hat "Ucseadye" {rN+ MP+9 Dex-2}
   (You found it in an ice cave)

   It affects your dexterity (-2).
   It protects you from negative energy.
   It affects your magic capacity (+9).
   It has a curse placed upon it.
 F - +0 fire dragon scales
 J - the +8 chain mail of the Hidden Scars {rElec Dex+5}
   (You found it on level 10 of the Dungeon)

   It affects your dexterity (+5).
   It insulates you from electricity.
 L - the -2 hat of the Alchemist (worn) {rElec rPois rF+ rC+ rN+ MR+ rMut rCorr}
   (You bought it in a shop on level 4 of the Dungeon)

   It protects you from fire.
   It protects you from cold.
   It insulates you from electricity.
   It protects you from poison.
   It protects you from negative energy.
   It affects your resistance to hostile enchantments.
   It provides partial protection from all sources of acid and corrosion.
   It protects you from mutation.
 O - a +0 large shield
 P - the +0 shield of Plasticity (worn) {Str+4}
   (You bought it in a shop on level 4 of the Dungeon)

   It affects your strength (+4).
 X - a +1 pair of gloves
Jewellery
 o - a +5 ring of evasion (left hand)
 x - a ring of poison resistance (right hand)
Wands
 e - a wand of iceblast (6)
 C - a wand of paralysis (7)
Scrolls
 d - 9 scrolls of identify
 i - a scroll of teleportation
 l - 4 scrolls of immolation
 r - 5 scrolls of enchant armour
 y - 3 scrolls of fear
 z - 8 scrolls of remove curse
 E - 2 scrolls of amnesia
 K - a scroll of enchant weapon
 M - a scroll of blinking
 Q - 2 scrolls of vulnerability {unknown}
 R - 3 scrolls of fog {unknown}
Potions
 h - 4 potions of curing
 m - 3 potions of might
 n - a potion of flight
 p - 2 potions of brilliance
 G - a potion of ambrosia
 H - a potion of heal wounds
 V - a potion of magic {unknown}
Comestibles
 f - 10 rations


   Skills:
 - Level 4.8 Fighting
 - Level 14.5(15.0) Axes
 + Level 6.3(11.4) Maces & Flails
 + Level 15.8 Crossbows
 + Level 14.7 Throwing
 - Level 4.9 Armour
 - Level 4.8 Shields
 + Level 7.3 Evocations


You had 14 spell levels left.
You didn't know any spells.
Your spell library contained the following spells:

 Spells                   Type           Power        Failure   Level  Hunger
 Animate Skeleton         Necr           N/A          100%        1    ##.....
 Apportation              Tloc           #.....       100%        1    ##.....
 Confusing Touch          Hex            #.....       100%        1    ##.....
 Freeze                   Ice            #...         100%        1    ##.....
 Magic Dart               Conj           #...         100%        1    ##.....
 Shock                    Conj/Air       #...         100%        1    ##.....
 Summon Small Mammal      Summ           #...         100%        1    ##.....
 Blink                    Tloc           N/A          100%        2    ###....
 Call Imp                 Summ           #.......     100%        2    ###....
 Poisonous Vapours        Pois/Air       #.....       100%        2    ###....
 Slow                     Hex            #.......     100%        2    ###....
 Swiftness                Chrm/Air       #.......     100%        2    ###....
 Throw Frost              Conj/Ice       #.....       100%        2    ###....
 Conjure Flame            Conj/Fire      #.......     100%        3    ####...
 Mephitic Cloud           Conj/Pois/Air  #.......     100%        3    ####...
 Ozocubu's Armour         Chrm/Ice       #.......     100%        3    ####...
 Static Discharge         Conj/Air       #.......     100%        3    ####...
 Airstrike                Air            #.........   100%        4    #####..
 Summon Ice Beast         Ice/Summ       #.......     100%        4    #####..
 Throw Icicle             Conj/Ice       #.......     100%        4    #####..
 Lightning Bolt           Conj/Air       #.........   100%        5    ######.
 Freezing Cloud           Conj/Ice/Air   #.........   100%        6    #######
 Ring of Flames           Chrm/Fire      #.........   100%        7    #######


Dungeon Overview and Level Annotations

Branches:
Dungeon (10/15)            Temple (1/1) D:7            Lair (6/6) D:10
 Shoals (0/4) Lair:4        Snake (4/4) Lair:3        Slime (0/5) Lair:5
    Orc (0/2) D:10

Altars:
Cheibriados
Dithmenos
Gozag
Hepliaklqana
Okawaru
Qazlal
Ru
Sif Muna
Trog
Vehumet
Wu Jian
Xom
Zin
The Shining One

Shops:
D:4 [   D:8 (:   D:10 (

Annotations:
D:10 5 runed translucent doors, arctice's ghost, journeyman VSFi
Snake:3 Bai Suzhen


Innate Abilities, Weirdness & Mutations

You reflexively headbutt those who attack you in melee.
You have a pair of horns on your head.


Message History

The bolt of poison hits you.
You are more poisoned.
You resist.
As you read the scroll of teleportation, it crumbles to dust.
You feel strangely unstable.
* * * LOW HITPOINT WARNING * * *
You feel very sick.
The nagaraja gestures at you while chanting.
The orb of energy hits you!!
* * * LOW HITPOINT WARNING * * *
The naga sharpshooter gestures wildly while chanting.
The naga sharpshooter magically shoots an arrow.
The arrow hits you but does no damage.
Firing (i - inventory. (/) - cycle)
j - 63 bolts (quivered)
Press: ? - help, Shift-Dir - straight line, f/p - nagaraja
Aim: a nagaraja, wielding a +4 halberd and wearing a +0 robe (heavily wounded, fast)
You shoot a bolt. The bolt barely misses the nagaraja.
The bolt hits the naga mage.
The naga mage is lightly wounded.
You die...

........# #.#........ .#.####.#
#.#######.# .#.# #)# #...?..^..#
.#.####.# #..#.###.[# .......<#
#..#..##..# #######.# #..#..##..#
,...,,#.# #..#..##..#
*#.#..#.###############......#..#
...(.?(.........@(N)N)NN((......#
####..#...###.#######.#.#(....?.#
***#..#...# #.#*..,,#)#.#.#..####
,,.....#..# #.#*...,#.#.#.##.#
*###...!..#*#.#*....#.#......#
***#.#.#...*#.#*....#.###N####
,,...#.#.#.##.#*.......#...###**
*,##*#,#....#..,...#....(###.,,##
*,,***,***#.#.#*#.......###.###(#


You could see a nagaraja, a naga sharpshooter, a naga mage and a naga.

Vanquished Creatures
  Nikola (Snake:3)
  3 nagarajas
  A frost giant (IceCv)
  A fire dragon (Lair:6)
  8 hydras
  2 naga warriors
  A centaur warrior (D:10)
  5 anacondas
  2 catoblepae
  A two-headed ogre (D:9)
  5 shock serpents
  A naga sharpshooter (Snake:2)
  A sea snake (Snake:4)
  A naga ritualist (Snake:2)
  A lindwurm (Lair:6)
  Pikel (D:7)
  2 mana vipers (Snake:2)
  An oklob plant (D:10)
  9 elephants
  3 salamanders
  25 black mambas
  2 ice statues (IceCv)
  7 naga magi
  2 molten gargoyles (Lair:6)
  12 spiny frogs
  An eye of devastation (Lair:5)
  2 rime drakes
  11 komodo dragons
  14 polar bears
  A snapping turtle (Lair:4)
  4 dream sheep (Lair:5)
  6 hippogriffs
  6 blink frogs
  A spriggan (D:7)
  A vampire (D:9)
  21 yaks
  A hungry ghost (D:7)
  7 basilisks
  7 wyverns (Lair:6)
  A steam dragon (Lair:6)
  12 nagas
  7 porcupines
  6 water moccasins
  5 hell hounds (Lair:6)
  3 orc warriors
  Duvessa (D:7)
  2 sky beasts (D:10)
  2 ice beasts (D:9)
  3 ogres
  4 phantoms
  A necrophage (D:9)
  2 eyes of draining
  28 wolves
  15 crocodiles
  A big kobold (D:7)
  5 bullfrogs
  A scorpion (D:4)
  5 wights (D:10)
  3 howler monkeys
  4 crimson imps
  5 lava snakes (Lair:6)
  3 centaur zombies
  A centaur skeleton (D:6)
  4 hounds
  A bullfrog skeleton (D:5)
  7 orc priests
  Crazy Yiuf (D:5)
  2 iguanas (D:5)
  An orc wizard (D:9)
  7 worker ants
  2 hell rats (Lair:6)
  2 hound skeletons
  2 hound zombies
  6 gnolls
  8 adders
  8 river rats (Lair:6)
  2 shadow imps
  4 oozes
  A worm (D:4)
  A dart slug (D:1)
  5 leopard geckos
  43 orcs
  6 giant cockroaches
  4 goblins
  10 hobgoblins
  4 jackals
  9 kobolds
  3 quokkas
  A ball python (D:1)
  3 bats
  3 frilled lizards
  A giant cockroach zombie (D:5)
  A quokka zombie (D:9)
  6 rats
  3 fungi (Lair:6)
  5 plants
467 creatures vanquished.

Vanquished Creatures (others)
  A sky beast (D:7)
  A slave (D:7)
  Dowan (D:7)
  2 orcs (D:7)
  A kobold (D:7)
  A bush (Lair:6)
  17 fungi
  11 plants
35 creatures vanquished.

Grand Total: 502 creatures vanquished

Notes
Turn   | Place    | Note
-------+----------+-------------------------------------------
     0 | D:1      | teukkam the Minotaur Fighter began the quest for the Orb.
     0 | D:1      | Reached XP level 1. HP: 19/19 MP: 0/0
   134 | D:3      | Reached XP level 2. HP: 27/27 MP: 1/1
   155 | D:3      | Reached XP level 3. HP: 31/33 MP: 2/2
   454 | D:4      | Noticed a scorpion
   457 | D:4      | Killed a scorpion
   457 | D:4      | Reached XP level 4. HP: 39/41 MP: 3/3
   687 | D:4      | Found Ceitegroh's Armour Boutique.
   715 | D:4      | Noticed a phantom
   739 | D:4      | Reached XP level 5. HP: 39/47 MP: 4/4
   798 | D:4      | Got a shimmering hand crossbow
   799 | D:4      | Identified the cursed +1 hand crossbow "Comol" {venom,
                  | *Corrode Int+4 Dex+3} (You found it on level 4 of the
                  | Dungeon)
  1986 | D:2      | Reached skill level 1 in Crossbows
  2007 | D:2      | Reached skill level 1 in Throwing
  2361 | D:3      | Reached XP level 6. HP: 37/55 MP: 5/5
  2431 | D:3      | Reached skill level 2 in Crossbows
  2500 | D:5      | Entered Level 5 of the Dungeon
  3044 | D:5      | Reached skill level 3 in Crossbows
  3212 | D:5      | Reached XP level 7. HP: 60/60 MP: 6/6
  3255 | D:5      | Reached skill level 4 in Crossbows
  3643 | D:5      | Found a runed translucent door.
  3644 | D:5      | Noticed Crazy Yiuf
  4160 | D:6      | Found the +8 orange crystal plate armour {Archmagi, Int+3
                  | Clar}
  4197 | D:6      | Reached skill level 5 in Crossbows
  4408 | D:6      | Got a spiked cloak
  4445 | D:6      | Reached skill level 5 in Throwing
  4481 | D:6      | Found a stormy altar of Qazlal.
  4578 | D:6      | Reached XP level 8. HP: 67/67 MP: 7/7
  4584 | D:6      | Identified the +0 cloak of Pleasant Breezes {rElec rN+
                  | Int+5} (You found it on level 6 of the Dungeon)
  4866 | D:6      | Reached skill level 6 in Crossbows
  5307 | D:7      | Noticed Pikel
  5334 | D:7      | Killed Pikel
  5334 | D:7      | Reached skill level 7 in Crossbows
  5435 | D:7      | Found a shadowy altar of Dithmenos.
  5464 | D:7      | Reached skill level 8 in Crossbows
  5464 | D:7      | Reached XP level 9. HP: 73/73 MP: 8/8
  5492 | D:7      | Killed Dowan
  5560 | D:7      | Noticed Duvessa
  5596 | D:7      | Killed Duvessa
  6092 | D:5      | Killed Crazy Yiuf
  6478 | D:7      | Found a staircase to the Ecumenical Temple.
  6487 | Temple   | Entered the Ecumenical Temple
  6511 | Temple   | Became a worshipper of Zin the Law-Giver
  6511 | Temple   | Reached * piety under Zin
  7024 | D:3      | Reached ** piety under Zin
  7262 | D:7      | Reached skill level 5 in Axes
  7319 | D:8      | Found Maneuli's Weapon Shoppe.
  7471 | D:8      | Found Ryroluleh's Book Shoppe.
  7696 | D:8      | Found a bloodstained altar of Trog.
  8503 | D:9      | Reached skill level 9 in Crossbows
  8610 | D:9      | Found a shimmering altar of Xom.
  8616 | D:9      | Found a shimmering altar of Xom.
  8616 | D:9      | Found a shimmering altar of Xom.
  8616 | D:9      | Found a shimmering altar of Xom.
  8616 | D:9      | Found a shimmering altar of Xom.
  8616 | D:9      | Found a shimmering altar of Xom.
  8618 | D:9      | Found a shimmering altar of Xom.
  8659 | D:9      | Noticed a two-headed ogre
  8698 | D:9      | Killed a two-headed ogre
  8898 | D:9      | Noticed a mana viper
  8900 | D:9      | Noticed a torpor snail
  8900 | D:9      | a mana viper changed into a torpor snail
  8957 | D:9      | Noticed a cyclops
  8958 | D:9      | Noticed a lindwurm
  8958 | D:9      | a cyclops changed into a lindwurm
  9158 | D:9      | Reached XP level 10. HP: 31/80 MP: 9/9
  9257 | D:9      | Reached *** piety under Zin
  9606 | D:10     | Entered Level 10 of the Dungeon
  9644 | D:10     | Noticed an oklob plant
  9646 | D:10     | Found a staircase to the Lair.
  9725 | D:10     | Killed an oklob plant
  9725 | D:10     | Reached skill level 10 in Crossbows
  9927 | D:10     | Found a large runed translucent door.
  9948 | D:10     | Found a large runed translucent door.
  9979 | D:10     | Noticed a centaur warrior
  9993 | D:10     | Killed a centaur warrior
 10010 | D:10     | Got a spiked chain mail
 10011 | D:10     | Identified the +8 chain mail of the Hidden Scars {rElec
                  | Dex+5} (You found it on level 10 of the Dungeon)
 10048 | D:10     | Found a large runed translucent door.
 10048 | D:10     | Found a large runed translucent door.
 10159 | D:10     | Found a runed translucent door.
 10160 | D:10     | Noticed arctice's ghost (journeyman VSFi)
 10166 | D:10     | Identified the +10 spear of Patience {flame, Str+3}
 10281 | D:10     | Found Porui's Antique Weapon Shoppe.
 10361 | D:10     | Found a staircase to the Orcish Mines.
 10367 | D:10     | Noticed a moth of wrath
 10383 | D:10     | Noticed a mana viper
 10402 | Lair:1   | Entered Level 1 of the Lair of Beasts
 10547 | Lair:1   | Reached **** piety under Zin
 10772 | D:4      | Bought the -2 hat of the Alchemist {rElec rPois rF+ rC+ rN+
                  | MR+ rMut rCorr} for 519 gold pieces
 10772 | D:4      | Found the -2 hat of the Alchemist {rElec rPois rF+ rC+ rN+
                  | MR+ rMut rCorr}
 11040 | Lair:1   | Noticed a spiny frog
 11065 | Lair:1   | Noticed a spiny frog
 11066 | Lair:1   | Killed a spiny frog
 11066 | Lair:1   | Reached skill level 10 in Throwing
 11082 | Lair:1   | Killed a spiny frog
 11338 | Lair:1   | Reached skill level 11 in Crossbows
 11441 | Lair:1   | Reached XP level 11. HP: 85/85 MP: 10/10
 11658 | Lair:1   | Noticed a six-headed hydra
 11659 | Lair:1   | Noticed a catoblepas
 11903 | Lair:2   | Noticed a six-headed hydra
 11913 | Lair:2   | Killed a six-headed hydra
 12170 | Lair:2   | Reached skill level 10 in Axes
 12544 | Lair:2   | Reached ***** piety under Zin
 12912 | Lair:3   | Found a staircase to the Snake Pit.
 12925 | Lair:3   | Reached skill level 12 in Crossbows
 14269 | D:4      | Bought the cursed +0 shield of Plasticity {Str+4} for 185
                  | gold pieces
 14559 | Lair:1   | Reached XP level 12. HP: 93/93 MP: 11/11
 14636 | Lair:1   | Killed a six-headed hydra
 14707 | Lair:1   | Killed a catoblepas
 15274 | Lair:5   | Reached skill level 13 in Crossbows
 15362 | Lair:5   | Found a staircase to the Slime Pits.
 15363 | Lair:5   | Noticed a seven-headed hydra
 16012 | Lair:5   | Noticed a six-headed hydra
 16019 | Lair:5   | Killed a six-headed hydra
 16122 | Lair:5   | Killed a seven-headed hydra
 17199 | Lair:6   | Entered Level 6 of the Lair of Beasts
 17201 | Lair:6   | Noticed a six-headed hydra
 17211 | Lair:6   | Killed a six-headed hydra
 17447 | Lair:6   | Found a frozen archway.
 17508 | Lair:6   | Noticed a catoblepas
 17510 | IceCv    | Entered an ice cave
 18013 | IceCv    | Reached XP level 13. HP: 62/99 MP: 12/12
 18210 | IceCv    | Reached skill level 1 in Evocations
 18276 | IceCv    | Reached skill level 14 in Crossbows
 18297 | IceCv    | Noticed a frost giant
 18611 | IceCv    | Killed a frost giant
 19118 | IceCv    | Got a spiked hat
 19120 | IceCv    | Identified the cursed +0 hat "Ucseadye" {rN+ MP+9 Dex-2}
                  | (You found it in an ice cave)
 21473 | Lair:6   | HP: 4/99 [wyvern (10)]
 21478 | Lair:6   | HP: 3/99 [poisoned by a black mamba]
 21486 | Lair:6   | HP: 3/99 [poisoned by a black mamba]
 22548 | Lair:6   | Found a large runed translucent door.
 22606 | Lair:6   | Noticed a fire dragon
 22639 | Lair:6   | Found a large runed translucent door.
 22702 | Lair:6   | Killed a fire dragon
 23154 | Lair:4   | Reached XP level 14. HP: 90/105 MP: 16/16
 23337 | Lair:4   | Found a staircase to the Shoals.
 23342 | Lair:4   | Reached skill level 5 in Evocations
 23575 | Lair:4   | Reached ****** piety under Zin
 23992 | Snake:1  | Entered Level 1 of the Snake Pit
 24623 | Snake:1  | Reached skill level 15 in Crossbows
 24944 | Snake:2  | Reached skill level 1 in Maces & Flails
 25020 | Snake:2  | Noticed a nagaraja
 25038 | Snake:2  | Killed a nagaraja
 26258 | Snake:3  | Got a translucent hand axe
 26261 | Snake:3  | Identified the +0 hand axe of Eternal Night {chop, MR+++
                  | Dex+4} (You found it on level 3 of the Snake Pit)
 26279 | Snake:3  | Noticed Nikola
 26309 | Snake:3  | Killed Nikola
 26319 | Snake:3  | Noticed a nagaraja
 26332 | Snake:3  | Reached skill level 5 in Maces & Flails
 26344 | Snake:3  | Killed a nagaraja
 26395 | Snake:4  | Entered Level 4 of the Snake Pit
 26459 | Snake:3  | Noticed Bai Suzhen
 27366 | Snake:4  | Noticed a nagaraja
 27514 | Snake:4  | Killed a nagaraja
 27858 | Snake:4  | Noticed a nagaraja
 27869 | Snake:4  | Reached XP level 15. HP: 95/112 MP: 19/19
 27905 | Snake:4  | HP: 2/112 [nagaraja/orb of energy (31)]
 27906 | Snake:4  | Succumbed to a nagaraja's bolt of poison

Skill      XL: |  1  2  3  4  5  6  7  8  9 10 11 12 13 14 |
---------------+-------------------------------------------+-----
Fighting       | 4 |  4.8
Axes           | 3 6 9 11 13 14 | 14.5
Armour         | 4 |  4.9
Shields        | 4 |  4.8
Crossbows      | 1 3 5 8 9 11 12 13 14 15 | 15.8
Throwing       | 1 3 5 7 8 10 11 12 13 14 | 14.7
Evocations     | 4 7 |  7.3
Maces & Flails | 6 |  6.3

Action                   |  1- 3 |  4- 6 |  7- 9 | 10-12 | 13-15 || total
-------------------------+-------+-------+-------+-------+-------++-------
Melee: War axe           |    25 |    24 |   277 |   576 |   497 ||  1399
       Headbutt          |     3 |    29 |    49 |   149 |   190 ||   420
       Hand crossbow     |       |    60 |    16 |       |       ||    76
       Dagger            |       |       |       |     3 |       ||     3
       Morningstar       |       |       |       |    21 |    26 ||    47
       Whip              |       |       |       |     2 |   208 ||   210
       Hand axe          |       |       |       |       |   125 ||   125
       Rapier            |       |       |       |       |     4 ||     4
 Fire: Hand crossbow     |       |    97 |   152 |   139 |   258 ||   646
Throw: Tomahawk          |       |    17 |     8 |    16 |    11 ||    52
Invok: Recite            |       |       |       |     1 |     9 ||    10
Evoke: Wand              |       |       |       |    17 |    23 ||    40
  Use: Potion            |     1 |     3 |     4 |     8 |     6 ||    22
       Scroll            |       |     8 |     3 |    10 |    16 ||    37
 Stab: Confused          |       |       |       |       |     1 ||     1
  Eat: Ration            |       |     2 |     6 |     6 |     8 ||    22
       Chunk             |       |     1 |       |     9 |     5 ||    15
Armor: Scale mail        |    17 |    58 |     7 |       |       ||    82
       Crystal plate arm |       |       |   188 |   446 |   499 ||  1133
Dodge: Dodged            |    14 |    29 |    59 |   185 |   238 ||   525
Block: Shield            |    18 |    77 |   185 |   351 |   417 ||  1048
